AoeStats
← rodrigolbs

Arena

510028385Analyzed
2v2 RM · 5d ago on Sep 29, 2026· 47m 19s· 4 players
Game mode
Random Map
Map size
Medium (4 player)
Population
200
Speed
Normal
Resources
Standard
Victory
Conquest
Starting age
Dark Age
Ending age
Imperial Age
RankedLock teamsTeams togetherTeam positionsShared explorationLock speedFull tech treeHidden civsTurbo modeCheats
Victory
Defeat
🇵🇪 Burmese · Peru
1137
+16
🇨🇱 Turks · Chile
1082
+18
🇺🇸 Persians · United States
1135
-17
🇺🇸 Mongols · United States
1135
-17
Xavi-10-
6:54 Loom
9:15 Feudal Age
13:17 Castle Age
12:11 Horse Collar
12:25 Gold Mining
13:14 Loom
15:15 Town Watch
17:36 Sanctity
18:12 Pikeman
19:22 Scale Mail Armor
22:37 Redemption
23:08 Gold Shaft Mining
30:50 Imperial Age
29:57 Wheelbarrow
31:47 Block Printing
31:58 Illumination
32:08 Theocracy
31:56 Stone Mining
33:06 Hand Cart
34:01 Fervor
34:52 Town Patrol
35:58 Scale Barding Armor
36:13 Bloodlines
36:03 Husbandry
37:16 Elite Battle Elephant
40:27 Chain Barding Armor
41:16 Forging
44:14 Plate Barding Armor
43:30 Fletching
45:41 Atonement
45:42 Bodkin Arrow
rodrigolbs
12:31 Feudal Age
16:33 Castle Age
14:40 Double-Bit Axe
15:10 Gold Mining
21:26 Imperial Age
19:30 Bow Saw
21:18 Padded Archer Armor
23:32 Leather Archer Armor
30:42 Ballistics
31:24 Ring Archer Armor
41:04 Horse Collar
bwhauf
11:14 Feudal Age
12:06 Double-Bit Axe
14:47 Castle Age
12:43 Horse Collar
15:52 Bow Saw
19:18 Light Cavalry
23:45 Wheelbarrow
25:53 Hand Cart
28:28 Imperial Age
25:49 Loom
26:17 Fletching
26:28 Padded Archer Armor
26:58 Bloodlines
27:21 Ballistics
27:16 Bodkin Arrow
29:19 Bracer
31:22 Parthian Tactics
31:20 Leather Archer Armor
32:32 Chemistry
32:03 Herbal Medicine
32:02 Elite Skirmisher
33:39 Thumb Ring
33:40 Husbandry
barcafan258
7:51 Loom
12:30 Feudal Age
13:18 Double-Bit Axe
17:15 Castle Age
16:45 Horse Collar
20:16 Bow Saw
23:11 Wheelbarrow
22:51 Heavy Plow
24:38 Stone Mining
24:39 Gold Mining
27:46 Scale Barding Armor
27:52 Forging
28:51 Bloodlines
31:56 Husbandry
37:00 Light Cavalry
Connection lost

Rejoining the realm…

Still unreachable

The connection could not be restored.

Session expired

The server has moved on; the page needs a fresh start.